 Dungeon Crawl Stone Soup version 0.30-a0-879-ga8ba668304 (webtiles) character file.

Game seed: 847232671417701363

585 porpoise the Sneak (level 7, -2/55 HPs)
             Began as a Merfolk Hunter on Mar 14, 2023.
             Slain by Prince Ribbit (13 damage)
             ... on level 5 of the Dungeon.
             The game lasted 00:13:08 (3506 turns).

porpoise the Sneak (Merfolk Hunter)                 Turns: 3506, Time: 00:13:09

Health: -2/55      AC:  6    Str: 12    XL:     7   Next: 37%
Magic:  7/7        EV: 13    Int:  8    God:
Gold:   190        SH:  0    Dex: 22    Spells: 6/6 levels left

rFire   + . .      SeeInvis .    a - +1 short sword (venom)
rCold   + . .      Faith    .    (no shield)
rNeg    . . .      Spirit   .    A - +2 leather armour of Jiarycw {Drain Dex+3 Slay+3}
rPois   .          Reflect  .    (no helmet)
rElec   .          Rampage  .    o - +0 cloak
rCorr   .                        (no gloves)
Will    .....                    (no boots)
Stlth   +++                      (no amulet)
HPRegen 0.29/turn                y - ring of protection from cold
MPRegen 0.10/turn                m - ring of protection from fire

@: no status effects
A: (nimble swimmer 2), mertail
a: no special abilities


You were on level 5 of the Dungeon.
You visited 1 branch of the dungeon, and saw 5 of its levels.

You collected 190 gold pieces.

Inventory:

Hand Weapons
 a - a +1 short sword of venom (weapon)
 b - a +0 shortbow
 u - a +0 arbalest
 z - the +3 mace of the Bashing Seeker {heavy, Str+2}
   (You found it on level 3 of the Dungeon)

   Str:       It affects your strength (+2).
Missiles
 i - 2 javelins
 B - 3 poisoned darts
Armour
 o - a +0 cloak (worn)
 A - the +2 leather armour of Jiarycw (worn) {Drain Dex+3 Slay+3}
   (You found it on level 3 of the Dungeon)

   Dex:       It affects your dexterity (+3).
   Slay:      It affects your accuracy & damage with ranged weapons and melee
   (+3).
   Drain:     It drains your maximum health when unequipped.
Jewellery
 f - a +6 ring of strength
 h - a ring of see invisible
 m - a ring of protection from fire (right hand)
 y - a ring of protection from cold (left hand)
Wands
 q - a wand of iceblast (8)
 t - a wand of mindburst (14)
Scrolls
 c - a scroll of enchant armour {unknown}
 d - 3 scrolls of teleportation
 e - 2 scrolls of immolation
 j - a scroll of blinking {unknown}
 x - a scroll of noise
Potions
 g - 2 potions of curing
 k - a potion of lignification
 l - a potion of haste {unknown}
 n - a potion of ambrosia {unknown}
 p - 2 potions of attraction
 r - a potion of brilliance {unknown}
 s - a potion of invisibility {unknown}
 v - 2 potions of mutation
 w - a potion of heal wounds {unknown}


   Skills:
 * Level 4.9 Fighting
 * Level 4.2 Short Blades
 + Level 4.2 Ranged Weapons
 - Level 2.9 Dodging
 * Level 5.0 Stealth


You had 6 spell levels left.
You didn't know any spells.
Your spell library was empty.

Dungeon Overview and Level Annotations

Branches:
Dungeon (5/15)
 Temple: D:4-7

Altars:
Sif Muna
The Shining One

Shops:
D:4 (

Annotations:
D:5 Ijyb, Prince Ribbit


Innate Abilities, Weirdness & Mutations

((You are very nimble when in or above water. (Stealth+, EV+, Speed+++)))
Your lower body shifts to a powerful aquatic tail in water.


Message History

Ijyb screams, "I cut your head off!"
Ijyb zaps a wand.
You hear a grinding noise.
Prince Ribbit hits you!
You feel better. Prince Ribbit closely misses you.
What are your orders? t - Shout!
Orders for allies: a - Attack new target. r - Retreat! s - Stop attacking. g - Guard the area. f - Follow me.
Anything else - Cancel.
You shout for attention!
Prince Ribbit hits you. x2
You hit Prince Ribbit.
Prince Ribbit is poisoned.
Prince Ribbit is lightly wounded.
Prince Ribbit hits you but does no damage.
You miss Prince Ribbit.
Prince Ribbit is lightly wounded.
Ijyb zaps a wand.
Some rock shatters into small pieces.
Prince Ribbit blinks!
You closely miss the orc wizard. You punch the orc wizard.
The orc wizard is lightly wounded.
The orc wizard gestures at you while chanting.
The magic dart hits you.
You hit the orc wizard.
The orc wizard is poisoned.
The orc wizard is moderately wounded.
The orc wizard hits you but does no damage.
You barely miss Ijyb. You closely miss Ijyb. Ijyb hits you with a +0 club.
The orc wizard hits you with a +0 dagger.
You puncture Ijyb!
Ijyb is poisoned.
Ijyb is moderately wounded.
Ijyb misses you. The orc wizard misses you.
You hit Ijyb but do no damage.
Ijyb looks as sick as possible!
Ijyb is moderately wounded.
Prince Ribbit hits you!
* * * LOW HITPOINT WARNING * * *
Ijyb closely misses you.
The orc wizard hits you but does no damage.
You feel better. Prince Ribbit closely misses you. Prince Ribbit hits you!
You die...

###.#.#.# #
##.##.##># #..
#.##.##.# #?.
####.##.##.# #.#
#....##.##.# ##)##
#.##.##.##.# ....
#.##.##.##.# #..##
#.##.##.##.####goF#.#
...............†@...#
#.##.#####......##..#
#.#### ######## ....
#.# ..## #.# ..# #..
.# ### #


You could see Prince Ribbit (poisoned), Ijyb (extremely poisoned) and an orc
wizard (very poisoned).

Vanquished Creatures
  The ghost of Pimp the Firebug, a weakling DsFE (D:3)
  4 hounds
  Crazy Yiuf (D:2)
  An iguana (D:4)
  A sleepcap (D:4)
  Terence (D:2)
  3 orc wizards
  3 gnolls (D:4)
  10 adders
  A shadow imp (D:3)
  A worm (D:4)
  A dart slug (D:1)
  14 orcs
  5 bats
  6 endoplasms
  3 giant cockroaches
  4 goblins
  7 hobgoblins
  5 jackals (D:1)
  4 quokkas
  11 ball pythons
  6 frilled lizards
  7 kobolds
  8 rats
108 creatures vanquished.

Notes
Turn   | Place    | Note
-------+----------+-------------------------------------------
     0 | D:1      | porpoise the Merfolk Hunter began the quest for the Orb.
     0 | D:1      | Reached XP level 1. HP: 16/16 MP: 1/1
   187 | D:1      | Reached XP level 2. HP: 23/23 MP: 2/2
   731 | D:1      | Reached XP level 3. HP: 27/28 MP: 3/3
   742 | D:1      | Reached skill level 2 in Stealth
  1086 | D:2      | Noticed Terence
  1099 | D:2      | Killed Terence
  1100 | D:2      | Reached skill level 1 in Short Blades
  1100 | D:2      | Reached XP level 4. HP: 22/35 MP: 4/4
  1259 | D:2      | Found a runed translucent door.
  1260 | D:2      | Noticed Crazy Yiuf
  1270 | D:2      | Killed Crazy Yiuf
  1376 | D:2      | Reached skill level 3 in Stealth
  1427 | D:2      | Reached XP level 5. HP: 37/41 MP: 5/5
  1660 | D:3      | Found a runed translucent door.
  1936 | D:3      | Found a shimmering blue altar of Sif Muna.
  1954 | D:3      | Found a glowing golden altar of the Shining One.
  2123 | D:3      | Reached XP level 6. HP: 46/48 MP: 6/6
  2323 | D:3      | Noticed Pimp's ghost (weakling DsFE)
  2400 | D:3      | Killed Pimp's ghost
  2401 | D:3      | Reached skill level 4 in Stealth
  2501 | D:3      | Identified the +3 mace of the Bashing Seeker {heavy, Str+2}
  2505 | D:3      | Identified the +2 leather armour of Jiarycw {Drain Dex+3
                  | Slay+3}
  2860 | D:4      | Found Qyoceex's Weapon Shop.
  2962 | D:4      | Reached XP level 7. HP: 46/55 MP: 7/7
  3312 | D:5      | Entered Level 5 of the Dungeon
  3396 | D:5      | Identified the +1 robe "Empibi" {Will- rCorr MP+9 SInv}
  3489 | D:5      | Noticed Prince Ribbit
  3489 | D:5      | Noticed Ijyb
  3495 | D:5      | Reached skill level 5 in Stealth
  3505 | D:5      | HP: 2/55 [Prince Ribbit (17)]
  3506 | D:5      | Slain by Prince Ribbit

Illustrated notes

Levels and vault maps discovered:
D:1:      elethiomel_arrival_infinity_welcomes_careful_drivers,
          layout_loops_ring, supply_closet_lemuel
D:2:      layout_rooms, uniq_crazy_yiuf_cottage, uniq_terence
D:3:      layout_loops_ring, mainiacjoe_overflow_catch_the_wave,
          ebering_ghost_inner_flame, minmay_between
D:4:      layout_basic, nicolae_take_the_stairs
D:5:      layout_loops_ring, kennysheep_generic_room_5, uniq_ijyb,
          uniq_eustachio, uniq_prince_ribbit1

Skill      XL: |  1  2  3  4  5  6  7 |
---------------+----------------------+-----
Stealth        | 2 3 4 5 |  5.0
Fighting       | 3 4 |  4.9
Short Blades   | 1 2 3 4 |  4.2
Ranged Weapons | 4 |  4.2
Dodging        | |  2.9

Action                     |  1- 3 |  4- 6 |  7- 9 || total
---------------------------+-------+-------+-------++-------
  Melee: Short sword       |    12 |    63 |    23 ||    98
         Punch             |       |       |     1 ||     1
   Fire: Shortbow          |    81 |   136 |    19 ||   236
    Use: Scroll            |       |     4 |     3 ||     7
         Potion            |       |       |     2 ||     2
   Stab: Sleeping          |       |       |     3 ||     3
 Armour: Leather armour    |     6 |     7 |     4 ||    17
         Ring mail         |     9 |    37 |       ||    46
  Dodge: Dodged            |    42 |    56 |    14 ||   112

Table legend: (Time is in decaauts)
 A = Elapsed time spent in this place.
 B = Non-inter-level travel time spent in this place.
 C = Inter-level travel time spent in this place.
 D = Time resting spent in this place.
 E = Time spent auto-exploring this place.
 F = Levels seen in this place.
 G = Mean time per level.
                   A        B        C        D        E       F      G
               +--------+--------+--------+--------+--------+-----+--------+
         Total |   3558 |   3429 |    129 |    537 |   2105 |   5 |  711.6 |
       Dungeon |   3558 |   3429 |    129 |    537 |   2105 |   5 |  711.6 |
               +--------+--------+--------+--------+--------+-----+--------+

Top non-repeatable levels by time:
     D:3: 974 daAuts
     D:1: 941 daAuts
     D:4: 753 daAuts
     D:2: 700 daAuts
     D:5: 188 daAuts
